 Dungeon Crawl Stone Soup version 0.29-a0-322-g68df515428 (webtiles) character file.

Game seed: 12467682835071639413

315 Ajdolov the Magician (level 6, -4/46 HPs)
             Began as a Djinni Conjurer on Apr 6, 2022.
             Slain by an iguana (7 damage)
             ... on level 4 of the Dungeon.
             The game lasted 00:03:47 (4554 turns).

Ajdolov the Magician (Djinni Conjurer)              Turns: 4554, Time: 00:03:48

Health: -4/46      AC:  2    Str:  6    XL:     6   Next: 72%
Gold:   202        EV: 12    Int: 21    God:
                   SH:  0    Dex: 18

rFire   + + .      SeeInvis .   r - +0 rapier
rCold   x . .      Faith    .   (no shield)
rNeg    . . .      Spirit   .   a - +0 robe
rPois   ∞          Reflect  .   (no helmet)
rElec   .          Harm     .   (no cloak)
rCorr   .          Rampage  .   (no gloves)
Will    .....                   (boots unavailable)
Stlth   ++........              (no amulet)
HPRegen 0.15/turn               o - +6 ring of dexterity
MPRegen 0.00/turn               (no ring)

@: flying, very slightly contaminated
A: sickness immunity, fire resistance 2, cold vulnerability 1, float, innate
caster, HP casting, extra vitality 1
a: no special abilities


You were on level 4 of the Dungeon.
You visited 1 branch of the dungeon, and saw 4 of its levels.

You collected 202 gold pieces.

Inventory:

Hand Weapons
 r - a +0 rapier (weapon)
Armour
 a - a +0 robe (worn)
Jewellery
 o - a +6 ring of dexterity (left hand)
Wands
 n - a wand of flame (15)
Scrolls
 c - 7 scrolls of identify {unknown}
 d - 5 scrolls of teleportation {unknown}
 h - a scroll of fear {unknown}
 i - 2 scrolls of fog {unknown}
 j - 3 scrolls of torment {unknown}
 p - 2 scrolls of noise {unknown}
 q - a scroll of magic mapping {unknown}
 s - a scroll of silence {unknown}
Potions
 b - 2 potions of ambrosia {unknown}
 e - 2 potions of resistance
 f - 2 potions of curing {unknown}
 g - a potion of flight {unknown}
 k - a potion of heal wounds {unknown}
 l - 2 potions of attraction {unknown}
 m - 2 potions of cancellation {unknown}


   Skills:
 + Level 3.3 Fighting
 - Level 2.1 Dodging
 - Level 1.5 Stealth
 * Level 5.1 Spellcasting


You couldn't memorise any spells.
You knew the following spells:

 Your Spells              Type           Power      Damage    Failure   Level
a - Magic Dart            Conj           100%       1d8       1%          1
b - Searing Ray           Conj           54%        2d6       1%          2
c - Dazzling Flash        Conj/Hex       54%        N/A       3%          3
d - Fulminant Prism       Conj/Hex       13%        3d9       13%         4
e - Iskenderun's Mystic   Conj/Tloc      27%        2d7       13%         4
f - Summon Small Mammal   Summ           100%       N/A       1%          1
g - Call Imp              Summ           27%        N/A       1%          2
Your spell library was empty.

Dungeon Overview and Level Annotations

Branches:
Dungeon (4/15)
 Temple: D:4-7

Altars:
Makhleb
Vehumet
Wu Jian
Xom


Innate Abilities, Weirdness & Mutations

You are immune to sickness and miasma.
You are immune to poison.
Your flesh is very heat resistant. (rF++)
You are vulnerable to cold. (rC-)
You float through the air rather than walking.
You learn spells naturally, not from books.
Your magical power is your life essence.
You have superior vitality. (+4 MHP)


Message History

Confirm with . or Enter, or press ? or * to list all spells.
Casting: Dazzling Flash (dangerous; 3% risk of failure)
Press: ? - help, Dir - look around, f - activate
* * * LOW HITPOINT WARNING * * *
The iguana closely misses you.
Unknown command.
Casting: Dazzling Flash (dangerous; 3% risk of failure)
Confirm with . or Enter, or press ? or * to list all spells.
Casting: Dazzling Flash (dangerous; 3% risk of failure)
Press: ? - help, Dir - look around, f - activate The iguana is dazzled.
* * * LOW HITPOINT WARNING * * *
The iguana closely misses you.
Unknown command.
The iguana is no longer blind.
Casting: Dazzling Flash (dangerous; 3% risk of failure)
Confirm with . or Enter, or press ? or * to list all spells.
Casting: Dazzling Flash (dangerous; 3% risk of failure)
Press: ? - help, Dir - look around, f - activate The iguana is dazzled.
* * * LOW HITPOINT WARNING * * *
The iguana closely misses you.
Unknown command.
The iguana is no longer blind.
Items here: ))) [[.
The iguana attacks as you move away!
The iguana bites you but does no damage.
Okay, then.
Casting: Dazzling Flash (dangerous; 3% risk of failure)
Confirm with . or Enter, or press ? or * to list all spells.
Okay, then.
Casting: Dazzling Flash (dangerous; 3% risk of failure)
Confirm with . or Enter, or press ? or * to list all spells.
The spell is quite dangerous to miscast (13% risk of failure)!
Continue anyway?
You miscast Iskenderun's Mystic Blast.
You are very lightly contaminated with residual magic.
Nothing appears to happen.
* * * LOW HITPOINT WARNING * * *
The iguana bites you!
You die...

###### #.#########
.....# #.#.......#
.....# #...###
.....# ####..#
.....# ##..# ....<#
#...#.# .....#
#.....# ##...#
#.####### ##.###
#...l@..# ...#
#######.# ####
#...# ..## #.###
...# #.#### ...####
#....# ......#
########.####
......#
#......#....#
......#
###......####.#####


You could see an iguana.

Vanquished Creatures
  A phantom (D:3)
  A crimson imp (D:3)
  2 jellies
  Terence (D:2)
  4 adders
  A dart slug (D:1)
  5 orcs
  6 ball pythons
  6 bats
  8 endoplasms
  2 giant cockroaches (D:2)
  5 goblins
  10 hobgoblins
  2 jackals (D:1)
  5 quokkas
  4 frilled lizards
  4 kobolds
  6 rats
73 creatures vanquished.

Vanquished Creatures (others)
  6 plants
  4 withered plants (D:1)
10 creatures vanquished.

Grand Total: 83 creatures vanquished

Notes
Turn   | Place    | Note
-------+----------+-------------------------------------------
     0 | D:1      | Ajdolov the Djinni Conjurer began the quest for the Orb.
     0 | D:1      | Reached XP level 1. HP: 15/15 MP: 0/0
   353 | D:1      | Reached XP level 2. HP: 19/22 MP: 0/0
   575 | D:1      | Found a faded altar of an unknown god.
   638 | D:1      | Reached skill level 1 in Fighting
   866 | D:1      | Reached XP level 3. HP: 21/27 MP: 0/0
   866 | D:1      | Learned a level 1 spell: Summon Small Mammal
  1984 | D:2      | Reached XP level 4. HP: 31/32 MP: 0/0
  1991 | D:2      | Noticed Terence
  2000 | D:2      | Killed Terence
  2001 | D:2      | Reached skill level 4 in Spellcasting
  2243 | D:2      | Reached XP level 5. HP: 31/38 MP: 0/0
  2243 | D:2      | Learned a level 2 spell: Call Imp
  3615 | D:3      | Found an ornate altar of the Wu Jian Council.
  3700 | D:3      | Noticed a phantom
  3708 | D:3      | Killed a phantom
  3709 | D:3      | Reached XP level 6. HP: 27/46 MP: 0/0
  4017 | D:3      | Found a shimmering altar of Xom.
  4017 | D:3      | Found a burning altar of Makhleb.
  4029 | D:3      | Reached skill level 5 in Spellcasting
  4554 | D:4      | Slain by an iguana

Illustrated notes

Levels and vault maps discovered:
D:1:      denvon_arrival_planthouse, layout_basic,
          shapermc_ecumenical_altar_flowoftime
D:2:      layout_basic, basic_altar, chequers_garden, uniq_terence
D:3:      layout_basic, grunt_temple_overflow_champion_of_chaos,
          nzn_wu_jian_contemplation, serial_bayou_pond_a
D:4:      layout_basic

Skill      XL: |  1  2  3  4  5  6 |
---------------+-------------------+-----
Fighting       | 1 2 3 |  3.3
Spellcasting   | 4 5 |  5.1
Dodging        | |  2.1
Stealth        | |  1.5

Action                   |  1- 3 |  4- 6 || total
-------------------------+-------+-------++-------
Melee: Unarmed           |    29 |       ||    29
       Punch             |     3 |       ||     3
 Cast: Magic Dart        |    68 |    96 ||   164
       Searing Ray       |       |     8 ||     8
       Dazzling Flash    |       |     3 ||     3
Armor: Robe              |     1 |     4 ||     5
Dodge: Dodged            |     1 |    13 ||    14

Table legend: (Time is in decaauts)
 A = Elapsed time spent in this place.
 B = Non-inter-level travel time spent in this place.
 C = Inter-level travel time spent in this place.
 D = Time resting spent in this place.
 E = Time spent auto-exploring this place.
 F = Levels seen in this place.
 G = Mean time per level.
                   A        B        C        D        E       F      G
               +--------+--------+--------+--------+--------+-----+--------+
         Total |   4552 |   4475 |     77 |    121 |   3927 |   4 | 1138.0 |
       Dungeon |   4552 |   4475 |     77 |    121 |   3927 |   4 | 1138.0 |
               +--------+--------+--------+--------+--------+-----+--------+

Top non-repeatable levels by time:
     D:1: 1697 daAuts
     D:2: 1442 daAuts
     D:3: 1067 daAuts
     D:4: 345 daAuts
